[Event "55th Biel Festival ATO 2022"]
[Site "Biel"]
[Date "2022.07.18"]
[Round "5.9"]
[White "Eschmann Pascal"]
[Black "Carey, Michael"]
[Result "0-1"]
[ECO "A57"]
[WhiteElo "1944"]
[BlackElo "1816"]
[Annotator "TA"]
[PlyCount "126"]
[EventDate "2022.07.13"]
[EventType "swiss"]
[EventCountry "SUI"]
[SourceTitle "playchess.com"]
[Source "ChessBase"]
[SourceQuality "1"]
[TimeControl "40/5400+30:1800+30"]

1. d4 c5 2. d5 Nf6 3. c4 b5 4. cxb5 a6 5. Nc3 axb5 6. Nxb5 Qa5+ 7. Nc3 g6 {[%emt 0:00:20] A57: Benko/Volga Gambit.} 8. Bd2 Qb6 9. e4 d6 {[%emt 0:00:07] [#] White is better.} 10. Bc4 $146 ({Predecessor:} 10. Nf3 Bg7 11. Be2 O-O 12. Rb1 Nbd7 13. O-O Ng4 14. Qc2 Nge5 15. Nxe5 Nxe5 16. Be3 {0-1 (25) Zechel,R (1552)-Maly,J (1666) Hanerau 2015}) 10... Bg7 (10... Qxb2 $2 11. Rb1 Qa3 12. Nb5 $18) 11. Nge2 Ba6 12. Bxa6 Nxa6 13. Qa4+ Nd7 $1 14. O-O Nc7 ({Black should play} 14... Qxb2 $11 15. Qd1 Nb4) 15. Qc2 $14 O-O 16. Rab1 Na6 17. a3 {[%emt 0:02:59] Against Nb4} Rfb8 18. Na4 (18. b3 $14) 18... Qb3 $11 19. Qxb3 Rxb3 20. Nc1 {[%emt 0:00:56] [#] Black converts the advantage convincingly.} Rb7 {[%emt 0:03:18] Black is more active.} 21. Bc3 (21. Nc3 $15) 21... Nc7 $19 {[%emt 0:02:57][%mdl 64] Discovered Attack} 22. Bxg7 Rxa4 (22... Kxg7 23. Nc3 $11) 23. Bc3 Rxe4 24. Rd1 Nb6 25. Re1 (25. Na2 {might work better.}) 25... Rxe1+ ({Don't go for} 25... Nbxd5 $2 26. Ba5 (26. Rxe4 $2 Nxc3 27. bxc3 Rxb1 $19) 26... Ra4 27. Bxc7) 26. Bxe1 Ncxd5 (26... Nbxd5 27. f3) 27. Nd3 c4 28. Nb4 Nxb4 29. Bxb4 {[%emt 0:00:16][%mdl 4096] Endgame KRB-KRN} (29. axb4 $142 Nd5 30. Rc1) 29... Nd5 30. Be1 Rb3 ({Not} 30... c3 31. b4) 31. Rc1 Nb6 {[%emt 0:05:19] Threatens to win with ...d5.} ({And not} 31... Rxb2 32. Rxc4 Ra2 33. a4) 32. Rc2 (32. a4 {was worth a try.}) 32... d5 33. Kf1 Na4 34. Bb4 e6 35. Ke2 Nxb2 {[%emt 0:02:33] Black is clearly winning.} 36. Rc3 Na4 37. Rc2 f6 38. Kd2 Kf7 39. Ke2 Ke8 40. Rd2 Kd7 41. f4 Nc3+ 42. Bxc3 Rxc3 {[%emt 0:00:08] KR-KR} 43. Ra2 Kc6 44. a4 Kb6 45. Kd2 Rb3 46. a5+ Ka6 47. Ra4 e5 48. fxe5 fxe5 49. Ra2 Rb5 {[%emt 0:00:00] [#] Strongly threatening ...d4.} 50. Kc3 Rxa5 51. Re2 Ra3+ 52. Kb4 Rb3+ 53. Kc5 Rb5+ 54. Kc6 d4 {[%emt 0:00:00] Hoping for ...c3.} 55. Ra2+ Ra5 56. Rb2 (56. Rf2 $142 Ra3 57. g3) 56... c3 57. Rb6+ Ka7 58. Rb7+ Ka8 59. Rxh7 Ra6+ 60. Kb5 Rf6 {[%emt 0:00:00] ( -> ...c2)} 61. Rc7 Kb8 62. Rc5 Kb7 63. Rxe5 Rf5 {[%emt 0:01:21] Weighted Error Value: White=0.45/Black=0.13 (very precise)} 0-1

[Event "55th Biel Festival ATO 2022"]
[Site "Biel"]
[Date "2022.07.18"]
[Round "5.10"]
[White "Ciarletta, Ulysse"]
[Black "Hamad Bader"]
[Result "0-1"]
[ECO "E01"]
[WhiteElo "1814"]
[BlackElo "1918"]
[Annotator "TA"]
[PlyCount "88"]
[EventDate "2022.07.13"]
[EventType "swiss"]
[EventCountry "SUI"]
[SourceTitle "playchess.com"]
[Source "ChessBase"]
[SourceQuality "1"]
[TimeControl "40/5400+30:1800+30"]

1. d4 Nf6 2. c4 e6 3. g3 d5 4. Bg2 Bb4+ 5. Bd2 Bd6 6. Nf3 {[%emt 0:02:49] E01: Catalan: Early deviations.} c6 7. b3 Ne4 8. O-O {[%emt 0:00:56] The position is equal.} f5 9. Bf4 Bxf4 10. gxf4 {[%emt 0:00:06] [#]} h6 $146 ({Predecessor:} 10... O-O 11. e3 Bd7 12. Nbd2 Be8 13. Nxe4 fxe4 14. Ng5 Rf6 15. f3 h6 16. Nh3 Bh5 {½-½ (45) Mihajlov,S (2101)-Gronn,A (2368) Oslo 2013}) 11. Ne5 Rg8 (11... Nd7 $11 {keeps the balance.}) 12. e3 (12. f3 $5 Nd6 13. cxd5 $16) 12... Qh4 {[%emt 0:00:57] Inhibits Qh5+.} 13. Ng6 Qf6 14. Qh5 Qf7 {[%emt 0:01:33] aiming for ...Nf6.} 15. Bxe4 {[%emt 0:00:09] Black must now prevent Bf3.} dxe4 (15... Nd7 $1 $14 16. Bf3 Nf6) 16. Kh1 $1 $16 Nd7 {[%emt 0:00:29] Hoping for ...Nf6.} 17. Rg1 $1 Nf6 18. Qe2 Ng4 19. Ne5 (19. Rxg4 $16 fxg4 20. Ne5) 19... Nxe5 $14 20. dxe5 Bd7 21. c5 O-O-O 22. Nd2 g5 (22... Be8 $1 $11) 23. Nc4 {[%emt 0:00:26] Threatens to win with Nd6+.} Qe7 24. Nd6+ Kb8 25. a4 Rg7 26. Qh5 Rdg8 27. Rg3 (27. Qxh6 Rh7 28. Qf6 Rxh2+ 29. Kxh2 Qh7+ 30. Kg2 gxf4+ 31. Kf1 Qh3+ 32. Ke2 Qf3+ 33. Kf1 Qh3+ 34. Ke2 Qf3+ 35. Kf1 Qh3+ $11) (27. Rad1 $1 $14) 27... g4 28. Rgg1 (28. Qxh6 $2 Rg6 29. Qh5 Qg7 $19) 28... Qd8 29. b4 (29. Qxh6 $2 Rh8 $1 30. Qxh8 (30. Qxg7 $2 Rxh2+ 31. Kxh2 Qh4+ 32. Kg2 Qh3#) 30... Qxh8 $19) (29. Rgd1 {keeps more tension.} a5 30. Kg2 Be8 31. Nxe8 Qxe8 32. Qxe8+ Rxe8 33. Kg3) 29... Be8 30. Nxe8 Rxe8 (30... Qxe8 $14 31. Qxe8+ Rxe8) 31. Rgd1 $16 (31. Qxh6 $2 Rh8 $1 32. Rad1 (32. Qxg7 $2 Rxh2+ 33. Kxh2 Qh4+ 34. Kg2 Qh3#) 32... Qg8 33. Qxh8 Qxh8 $19) 31... Qe7 32. Rd6 a6 (32... Qf7 $16 33. Qxf7 (33. Qxh6 Rh7 $11) 33... Rxf7) 33. Rad1 {[%emt 0:01:16] And now Rd7 would win.} ({And not} 33. Qxh6 Rh7 34. Qg5 Qxg5 35. fxg5 Reh8 $11) 33... Rh8 34. Rd7 $2 (34. Kg2 $1 $18) 34... Qxd7 $11 35. Rxd7 Rxd7 {[%emt 0:00:04][%mdl 4096] Endgame KQ-KRR} 36. Qg6 {[%emt 0:00:10] [#]} (36. a5 $1 $11 {was the only way to keep the balance.}) 36... Re7 ({Don't play} 36... Rd1+ $6 37. Kg2 h5 38. Qf6 $11 (38. Qxe6 $2 h4 $19)) (36... h5 $1 $17 37. h4 (37. Qxe6 $2 Rd1+ 38. Kg2 h4 $19) 37... Re7) 37. Qf6 Rhh7 38. Kg2 h5 39. Kf1 $2 (39. Qf8+ $11 Ka7 40. Qd8) 39... h4 $19 40. Kg2 {[%emt 0:03:27] [#]} (40. b5 $142 cxb5 41. Qf8+ Ka7 42. axb5 axb5 43. Qd8) 40... Ka7 $1 41. a5 (41. Qf8 $142 g3 42. hxg3) 41... Rd7 42. Qg6 g3 43. Qxe6 h3+ 44. Kxg3 Rdg7+ {[%emt 0:00:08] Never resign too early!  Weighted Error Value: White=0.53/Black=0.19 (very precise)} 0-1

[Event "55th Biel Festival ATO 2022"]
[Site "Biel"]
[Date "2022.07.19"]
[Round "6.1"]
[White "Hari Charan Sai Kalluri"]
[Black "Sala, Matteo"]
[Result "0-1"]
[ECO "D90"]
[WhiteElo "2041"]
[BlackElo "1708"]
[Annotator "TA"]
[PlyCount "74"]
[EventDate "2022.07.13"]
[EventType "swiss"]
[EventCountry "SUI"]
[SourceTitle "playchess.com"]
[Source "ChessBase"]
[SourceQuality "1"]
[TimeControl "40/5400+30:1800+30"]

1. d4 Nf6 2. c4 g6 3. Nc3 d5 4. Nf3 Bg7 5. h4 O-O 6. cxd5 {[%emt 0:00:16] D90: Grünfeld: 4 Nf3 Bg7 sidelines.} Nxd5 7. h5 c5 8. hxg6 {[%emt 0:04:38] White has an edge.} hxg6 9. Bh6 ({Don't play} 9. e4 Nxc3 10. bxc3 cxd4 11. Nxd4 (11. cxd4 Nc6 $15) 11... Qa5 $15) 9... Bxh6 (9... Nxc3 {seems wilder.} 10. bxc3 Bxh6 11. Rxh6 Kg7) 10. Rxh6 Nxc3 11. bxc3 cxd4 12. Qd2 {[%emt 0:01:50][%cal Oh6h8] [#] Strongly threatening Rh8+!} dxc3 $146 (12... Kg7 $14) ({Predecessor:} 12... Kg7 13. cxd4 Nc6 14. Rh4 Rh8 15. Rxh8 Qxh8 16. Rb1 Kg8 17. e3 Qf6 18. Be2 b6 19. d5 Ne5 20. Rc1 Bf5 21. Nxe5 {½-½ (21) Sargissian,G (2681)-Tari,A (2620) Helsingor 2019}) 13. Qxc3 $18 f6 14. Rxg6+ (14. Rd1 $18 {has better winning chances.} Qe8 15. Nh4) 14... Kf7 $16 15. Rg3 (15. Rh6 $14 Nc6 16. Rd1) 15... Nc6 $1 $11 16. Qc2 Qa5+ 17. Nd2 Qf5 {[%emt 0:04:58] Prevents Qg6+.} (17... Bf5 $5 18. e4 Be6 $15) 18. e4 Qe5 19. Rb1 Nd4 20. Qa4 (20. Qc3 $1 $11 {keeps the balance.}) 20... Be6 {[%emt 0:03:36] And now ...Rac8 would win.} 21. Rd3 {[%emt 0:02:29] [#]} ({Not} 21. Rxb7 $2 Rac8 22. Kd1 Qc5 $19) 21... Rfd8 {[%emt 0:01:48] Black is more active.} 22. Rb4 $2 (22. Rc1 $17 {nothing else works.}) 22... b5 $19 23. Qd1 Rac8 24. Rb2 {[%emt 0:20:14] [#]} Bg4 $1 25. Qb1 Qc5 {[%emt 0:06:03] ( -> ...Qc1+)} 26. f3 Be6 27. Be2 (27. f4 $142 Rh8 28. Qd1 Nc2+ 29. Rxc2 Qxc2 30. Qxc2 Rxc2 31. Ra3) 27... Rh8 28. Kd1 Rh1+ 29. Bf1 a5 {[%emt 0:01:50] Threatens to win with ...Bc4.} 30. Ke1 Nc2+ 31. Ke2 Nd4+ 32. Ke1 $1 Kg7 {[%emt 0:01:15] ...Qe5 is the strong threat. Black is clearly winning.} 33. Nb3 Bxb3 34. axb3 Qc1+ 35. Qxc1 Rxc1+ 36. Kd2 Rcxf1 37. Ke3 e5 {[%emt 0:00:25] Never resign too early!  Weighted Error Value: White=1.12/Black=0.63} 0-1

[Event "55th Biel Festival ATO 2022"]
[Site "Biel"]
[Date "2022.07.19"]
[Round "6.2"]
[White "Harisurya Bharadwaj Gundepudi"]
[Black "Stijve Niels"]
[Result "1-0"]
[ECO "D00"]
[WhiteElo "1924"]
[BlackElo "1958"]
[Annotator "TA"]
[PlyCount "73"]
[EventDate "2022.07.13"]
[EventType "swiss"]
[EventCountry "SUI"]
[SourceTitle "playchess.com"]
[Source "ChessBase"]
[SourceQuality "1"]
[TimeControl "40/5400+30:1800+30"]

1. d4 d5 2. Bf4 Nf6 3. e3 c5 4. c3 Nc6 5. Nd2 Bf5 6. Qb3 Qd7 7. Ngf3 c4 8. Qd1 {[%emt 0:00:11] The position is equal.} e6 9. Ne5 Qc8 ({Better is} 9... Nxe5 $11 10. Bxe5 Be7) 10. Be2 (10. g4 $14 {was preferrable.} Bg6 11. Nxg6 hxg6 12. Qe2) 10... Be7 11. g4 Bg6 12. h4 {[%emt 0:18:00] h5 is the strong threat.} Nxe5 13. Bxe5 h6 $1 14. a4 Qd8 15. h5 Be4 {[%emt 0:07:59] [#]} (15... Bh7 $11) 16. Rg1 ({Much weaker is} 16. Nxe4 Nxe4 17. Bf3 (17. Bxg7 Bh4 $11) 17... f6 $11) (16. Bxf6 $1 $14 {might be stronger.} Bxh1 17. Bxg7) 16... Rc8 $11 17. b3 ({But not} 17. Nxe4 Nxe4 18. Bf3 (18. Bxg7 Bh4 $17) 18... O-O $11) 17... Qa5 18. Bxf6 (18. bxc4 {with more complications.} Qxc3 19. Rc1 Qa3 20. Kf1) 18... gxf6 19. Nxe4 dxe4 20. bxc4 {[%emt 0:04:40] And now Qc2 would win.} Qxc3+ 21. Kf1 f5 {[%emt 0:03:44] [#] This costs Black the game.} (21... Rc7 $16 {was called for.}) 22. gxf5 $1 $18 exf5 {[%emt 0:00:03][%cal Of5f4] [#]} 23. Rb1 $1 Bb4 $2 (23... Rc7 24. Rb3 Qa5) 24. Rb3 Qd2 25. Qxd2 Bxd2 26. Rxb7 a5 (26... Rf8 $142 27. c5 Kd8 28. Rxa7 Rc7) 27. c5 {[%emt 0:00:19] Rg7 would kill now.} Kf8 {[%emt 0:01:33] Prevents Rg7.} 28. Bc4 Rh7 29. Be6 fxe6 30. Rxh7 {[%emt 0:00:06][%mdl 4096] Endgame KRR-KRB} Rc6 31. Ke2 (31. Rxh6 $142 Bb4 32. Rh8+ Kf7 33. Rh7+ Kf8 34. h6 e5 35. Rh8+ Kf7 36. Rg7+ Ke6 37. Rg6+ Kd5 38. Rd8+ Kc4 39. Rxc6) 31... Bc3 32. Rxh6 {[%emt 0:00:14] White mates.} Kf7 33. Rh7+ Kf8 34. h6 f4 35. Rh8+ Ke7 36. Rg7+ Kf6 37. Rf8# {[%emt 0:00:06] Weighted Error Value: White=0.08 (flawless) /Black=0.54} 1-0

[Event "55th Biel Festival ATO 2022"]
[Site "Biel"]
[Date "2022.07.19"]
[Round "6.3"]
[White "Wiesmann, Dominique"]
[Black "Al Helaoy Majed"]
[Result "0-1"]
[ECO "A13"]
[WhiteElo "1914"]
[BlackElo "2015"]
[Annotator "TA"]
[PlyCount "118"]
[EventDate "2022.07.13"]
[EventType "swiss"]
[EventCountry "SUI"]
[SourceTitle "playchess.com"]
[Source "ChessBase"]
[SourceQuality "1"]
[TimeControl "40/5400+30:1800+30"]

1. Nf3 Nf6 2. e3 d5 3. c4 e6 4. b3 Be7 5. Bb2 O-O 6. Nc3 Nbd7 {[%emt 0:01:36] A13: English Opening: 1...e6.} 7. Be2 c6 8. d4 Qc7 {[%emt 0:09:59] The position is equal.} 9. Qc2 {[%emt 0:05:10] [#]} Rd8 $146 ({Predecessor:} 9... b6 10. O-O Bb7 11. Rad1 Rac8 12. Bd3 h6 13. Rfe1 c5 14. cxd5 Nxd5 15. Nxd5 exd5 16. dxc5 bxc5 {1-0 (32) Vigorito,D (2370)-Potula,K (2075) Charlotte 2017}) 10. Rc1 Qa5 11. O-O Ne4 (11... Ba3 $14) 12. Nxe4 $16 dxe4 13. Bc3 (13. Qxe4 $16 Qxa2 14. Qc2) 13... Qf5 $14 14. Nd2 Nf6 15. f3 (15. c5 $5 ) 15... Qg5 $1 16. f4 Qf5 17. h3 h5 18. Kh2 Bd6 19. g3 $2 (19. Rf2 $14 {stays ahead.}) 19... b6 $2 (19... e5 $17 20. g4 hxg4 21. Bxg4 Qh7 22. Bxc8 exf4 23. exf4 (23. c5 $2 Bc7 $19) 23... Rdxc8) 20. Rg1 (20. Nxe4 $5 Nxe4 21. Bd3 $11) 20... e5 21. Bf1 (21. g4 $1 $11 Nxg4+ 22. Bxg4 (22. hxg4 hxg4 23. Kg2 exf4 $11) 22... hxg4 23. fxe5 Qf2+ 24. Rg2 Qxe3 25. hxg4) 21... exf4 (21... exd4 $17 22. Bxd4 Bb4) 22. gxf4 $15 {[%emt 0:02:46] [#]} Kf8 (22... Bxf4+ $1 $11 23. exf4 Qxf4+ 24. Kh1 e3) 23. Kh1 (23. d5 $14) 23... Qh7 $11 24. Bg2 (24. Nb1 $11 {deserves consideration.}) 24... Bf5 $1 $15 25. Nf1 h4 26. Rd1 Ke7 (26... Be7 $17) 27. d5 Nh5 (27... cxd5 $11 {keeps the balance.} 28. cxd5 Rac8) 28. dxc6 $16 Ng3+ 29. Kh2 g5 {[%emt 0:00:02] [#]} (29... Rac8 $16) 30. Be5 $2 (30. Rxd6 $1 $18 Kxd6 31. fxg5) 30... Bxe5 $15 31. Rxd8 Rxd8 32. fxe5 Rd3 ({Black should play} 32... Qg7 $1 $17 33. Qb2 (33. Nxg3 hxg3+ 34. Kh1 Qh7 $17) 33... g4) 33. c5 (33. Qb2 $11) 33... Qh8 $17 34. Qb2 bxc5 {[%emt 0:00:02] Black is much more active. The white rooks are badly placed.} 35. b4 (35. Bh1 $17) 35... c4 36. b5 Ke8 37. b6 axb6 (37... c3 $1 $19 {[%cal Rc3b2] is more deadly.} 38. Qb5 axb6 39. c7+ Ke7 40. Qxb6 Qxe5 41. Nxg3 hxg3+ 42. Kh1 Bc8) 38. Qb5 (38. c7 $17) 38... Kf8 {[%emt 0:01:58] White must now prevent ...c3.} 39. c7 Ne2 $4 {[%emt 0:00:32][%mdl 8192] [#]} (39... c3 $19 40. Qb4+ Kg7 41. Qxb6 Be6) 40. Bxe4 $1 $18 {[%emt 0:00:50][%mdl 512] White wants to mate with Qb4+.} Bc8 (40... Nxg1 41. Bxf5) 41. Rxg5 Rd7 42. Qb4+ Re7 43. Bf3 (43. Qd6 $142 Nf4 44. exf4 Qg7 45. Rxg7 Kxg7 46. Qxe7 b5 47. f5 Kh6 48. Qf6+ Kh7 49. Qxf7+ Kh8 50. f6 c3 51. Qh7#) 43... Ng3 {[%emt 0:10:58] [#]} 44. Nd2 $2 ({White must play} 44. Qd6 $1 $18 {[%cal Of3c6] White threatens Bc6! and mate.} Nf5 45. Qd8+ Re8 46. Bc6 Qxe5+ 47. Kg1) 44... Qh6 $36 {[%emt 0:01:02][%mdl 2048] Prevents Bc6. Black is pushing.} 45. Rg4 {[%emt 0:00:00] aiming for Qd6.} Qxe3 {[%emt 0:01:11] Dancing on a razor blade.} 46. Rxh4 $2 (46. Qd6 $11 Qxd2+ 47. Bg2 Nf1+ 48. Kg1) 46... Qxe5 {[%emt 0:04:32] Black is clearly winning.} 47. Kg2 Nf5 48. Re4 {[%emt 0:00:00] [#]} Qg3+ ({Not} 48... Qxc7 49. Rxe7 Qg3+ 50. Kf1 Nxe7 51. Qxc4 $17) 49. Kf1 c3 $1 {[%emt 0:02:18] ( -> ...Ba6+)} 50. Rxe7 Nxe7 51. Qxc3 Ba6+ 52. Nc4 Bxc4+ {[%emt 0:00:02][%mdl 64] Deflection} 53. Qxc4 Qxf3+ 54. Ke1 Qe3+ 55. Kd1 Qxh3 56. Qd4 {[%emt 0:00:00] Qd8+ is the strong threat.} Qh1+ 57. Kd2 Qh2+ 58. Kd1 {[%emt 0:00:09] Strongly threatening Qd8+.} Qxc7 59. Qh8+ Ng8 {[%emt 0:00:02] Both players deserved the win here.  Weighted Error Value: White=0.62/Black=0.55} 0-1

[Event "55th Biel Festival ATO 2022"]
[Site "Biel"]
[Date "2022.07.19"]
[Round "6.4"]
[White "Altok, Mesut"]
[Black "Wanner Stefan"]
[Result "1-0"]
[ECO "D70"]
[WhiteElo "1890"]
[BlackElo "1975"]
[Annotator "TA"]
[PlyCount "67"]
[EventDate "2022.07.13"]
[EventType "swiss"]
[EventCountry "SUI"]
[SourceTitle "playchess.com"]
[Source "ChessBase"]
[SourceQuality "1"]
[TimeControl "40/5400+30:1800+30"]

1. d4 Nf6 2. Nf3 g6 3. Nbd2 d5 4. c4 c6 5. e3 Bg7 {[%emt 0:00:23][%cal Oc6c5] [#]} 6. a4 $146 {[%emt 0:00:16] D70: Grünfeld: Unusual White 3rd moves (met by ...d5).} ({Predecessor:} 6. Be2 O-O 7. O-O a5 8. h3 a4 9. b4 axb3 10. Qxb3 dxc4 11. Bxc4 b5 12. Be2 Be6 13. Qc2 Nd5 14. a3 Qb6 15. Nb3 {1-0 (42) Mamedyarov,S (2762)-Vachier Lagrave,M (2763) chess24.com INT 2021}) 6... O-O 7. Bd3 ({Better is} 7. b4 $11) 7... Nbd7 (7... c5 $15) 8. cxd5 {[%emt 0:00:36] The position is equal.} (8. O-O {looks sharper.} e5 9. dxe5 Ng4 10. cxd5 Ndxe5 11. Be2) 8... cxd5 9. b4 b6 (9... e5 $11 {might be stronger.} 10. dxe5 (10. Nxe5 Nxe5 11. dxe5 Ng4 $15) 10... Ng4) 10. Bb2 Bb7 11. h4 (11. a5 $14) 11... h5 12. Qb1 Re8 13. Ne5 Nf8 (13... e6 $11) 14. f3 {[%emt 0:00:35] White is more active.} (14. a5 $14) 14... N6d7 15. f4 (15. g4 {keeps more tension.} hxg4 16. h5 gxh5 17. fxg4 Qc8 18. Rh4) 15... Nxe5 16. fxe5 Qd7 17. O-O Bh6 18. Qe1 Qe6 (18... Ne6 $11) 19. Qg3 {[%emt 0:06:15] [#] Hoping for Bf5.} Qg4 {[%emt 0:07:44] Inhibits Bf5.} 20. Qf2 Qe6 21. a5 bxa5 {[%emt 0:04:21] [#]} (21... Rec8 $16) 22. Nb3 $1 $18 {[%emt 0:00:46][%cal Bd2b3,Bb3a5,Ba5c6,Bc6e7][%mdl 32] Black must now prevent Nc5.} ({Worse is} 22. bxa5 Rec8 $11) ({Don't play} 22. Rxa5 $6 Nd7 $16) 22... Nd7 (22... axb4 $2 23. Nc5 Qg4 24. Nxb7 $18) 23. Nxa5 Rab8 24. b5 ({White should try} 24. Bc1 $18) 24... Rf8 {[%emt 0:00:59] A mistake that costs the game.} (24... Nf6 $1 $14) 25. Bc1 Bc8 $2 (25... Rfc8 26. Bd2 Kg7) 26. Nc6 Ra8 (26... Bb7 $142 27. Nxb8 Rxb8 28. Rxa7 Nb6) 27. e4 Bxc1 28. exd5 Qg4 29. Nxe7+ Kh7 30. Raxc1 Kg7 31. Rxc8 Raxc8 32. Nxc8 Nxe5 33. dxe5 Qxc8 34. Qf6+ {[%emt 0:00:15] Weighted Error Value: White=0.29 (precise) /Black=0.64} 1-0

[Event "55th Biel Festival ATO 2022"]
[Site "Biel"]
[Date "2022.07.19"]
[Round "6.5"]
[White "Arndt Uwe"]
[Black "Python, Noe"]
[Result "1-0"]
[ECO "D30"]
[WhiteElo "1964"]
[BlackElo "1890"]
[Annotator "TA"]
[PlyCount "86"]
[EventDate "2022.07.13"]
[EventType "swiss"]
[EventCountry "SUI"]
[SourceTitle "playchess.com"]
[Source "ChessBase"]
[SourceQuality "1"]
[TimeControl "40/5400+30:1800+30"]

1. d4 d5 2. c4 e6 3. Nf3 a6 4. cxd5 exd5 5. Qc2 Nf6 6. Bg5 {[%emt 0:00:29] D30: Queen's Gambit Declined: Systems without Nc3.} c6 7. Nc3 Be6 8. e3 {[%emt 0:01:17] White has an edge.} Bd6 9. Bd3 h6 10. Bh4 Nbd7 11. O-O O-O 12. Rab1 Qc7 {[%emt 0:00:29] [#]} 13. Na4 $146 ({Predecessor:} 13. Rfc1 Bg4 14. Bg3 Bxf3 15. gxf3 Rfe8 16. b4 Nb6 17. b5 Bxg3 18. hxg3 axb5 19. Nxb5 {1-0 (58) Omelja,A (2515)-Kosakowski,J (2442) Chess.com INT 2022}) 13... Bg4 (13... Ne4 $5) 14. Bg3 Bxg3 15. hxg3 Rfe8 16. Rfc1 b5 17. Nc5 Nb6 (17... Nxc5 $1 $11 18. dxc5 (18. Qxc5 Bxf3 19. gxf3 Rxe3 $11) 18... a5) 18. b3 Nbd7 19. Nxd7 Bxd7 20. Ne5 Rac8 {[%emt 0:00:38][%cal Oc6c5] [#]} 21. Nxd7 {[%emt 0:01:41] White is more active.} (21. a4 $1 $16) 21... Nxd7 $14 22. Bf5 Qd6 23. Rb2 g6 24. Bxd7 Qxd7 25. Qc5 Qb7 26. Rbc2 Re6 27. Qa3 Qb6 28. Rc5 {[%emt 0:00:29] aiming for Rxd5.} Rd8 29. b4 Kg7 30. Qc3 Rdd6 31. f3 Qb7 {[%emt 0:02:01] [#]} (31... Kg8 $11 {keeps the balance.}) 32. e4 $1 $16 Qb6 (32... f6 $16) 33. e5 $18 Rd8 34. f4 h5 35. Qf3 ({White should try} 35. Rxc6 $18 Rxc6 36. Qxc6 Qxd4+ 37. Kh2) 35... f5 $2 (35... Rh8 $16) 36. Qc3 Qa7 (36... h4 {might work better.} 37. gxh4 Rc8) 37. Kf2 $2 (37. Rxc6 $18 {is more deadly.} Qe7 38. Qa3 Rxc6 39. Rxc6) 37... Rh8 $2 (37... Rb8 $16 {keeps fighting.}) 38. Ke3 ({And not} 38. Rxc6 Rxc6 39. Qxc6 Qxd4+ 40. Kf1 Kh6 $11) 38... h4 $2 (38... Rc8 39. Rxd5 Kh6) 39. Rxc6 {[%emt 0:00:23] White is clearly winning.} Rxc6 40. Qxc6 {[%emt 0:00:09] Intending Qf6+ and mate.} Qe7 {[%emt 0:00:33] Prevents Qf6+.} 41. Qc7 Re8 42. gxh4 Kh6 43. Qxe7 Rxe7 {[%emt 0:00:02] Weighted Error Value: White=0.20 (precise) /Black=0.48} 1-0

[Event "55th Biel Festival ATO 2022"]
[Site "Biel"]
[Date "2022.07.19"]
[Round "6.6"]
[White "Mirski, Michal"]
[Black "Smeets Kobe"]
[Result "1-0"]
[ECO "E09"]
[WhiteElo "1868"]
[BlackElo "1963"]
[Annotator "TA"]
[PlyCount "87"]
[EventDate "2022.07.13"]
[EventType "swiss"]
[EventCountry "SUI"]
[SourceTitle "playchess.com"]
[Source "ChessBase"]
[SourceQuality "1"]
[TimeControl "40/5400+30:1800+30"]

1. c4 e6 2. g3 d5 3. Bg2 Nf6 4. Nf3 c6 5. O-O Be7 6. d4 O-O 7. Nbd2 Nbd7 8. b3 b6 9. Bb2 Bb7 10. Qc2 Rc8 11. e4 dxe4 12. Nxe4 Nxe4 13. Qxe4 Nf6 14. Qe2 c5 15. Rad1 Qc7 {[%emt 0:03:11] [#]} (15... cxd4 $11 {remains equal.} 16. Rxd4 (16. Nxd4 Bxg2 17. Kxg2 Qc7 $11) 16... Qc7) 16. dxc5 (16. d5 $1 $16) 16... Qxc5 17. Ne5 Bxg2 18. Kxg2 Rfd8 19. Qf3 Bd6 20. Rfe1 Qc7 21. Re3 Bc5 {[%emt 0:07:38] [#] Strongly threatening ...Rxd1.} 22. Red3 $36 {[%emt 0:04:09][%cal Od3d7][%mdl 2048] White has good play.} Rxd3 23. Rxd3 {[%emt 0:03:35][%cal Od3d7] Black must now prevent Rd7!} Rd8 {[%emt 0:05:59] Inhibits Rd7. This move loses the game for Black.} (23... Bd6 $11 24. Qd1 Be7) 24. Rxd8+ $18 Qxd8 25. Qb7 {[%emt 0:00:42][%csl LRa7,LRf7] Against Qc8} Qe8 (25... Qe7 $16 26. Qa8+ Ne8) 26. Qxa7 Ne4 27. f3 Nd6 28. Qd7 Qa8 (28... Qxd7 $142 29. Nxd7 Be3) 29. a3 {[%emt 0:00:46] aiming for b4.} Qf8 $2 (29... Qe8 {was worth a try.} 30. Qxe8+ Nxe8) 30. b4 Be3 31. Bc3 Nf5 32. g4 Nh4+ 33. Kg3 Ng6 {[%emt 0:01:17] And now ...Bf4+ would win.} 34. Nc6 Bf4+ 35. Kg2 {[%emt 0:01:54] Threatens to win with Bd4.} Nh4+ $2 (35... h6 36. a4 Bg5) 36. Kf2 {[%emt 0:00:12] White is clearly winning.} Bxh2 (36... h5 $142 37. Bd4 (37. gxh5 Nf5 $18) 37... hxg4 38. fxg4 f5) 37. Ne7+ Kh8 38. Qc8 {[%emt 0:00:20] Active counter play!} Qxc8 39. Nxc8 {[%emt 0:00:05] KBN-KBN} Ng6 40. Nxb6 Ne5 41. Bxe5 Bxe5 42. c5 Bb2 43. Nc4 Bd4+ 44. Kg2 {[%emt 0:00:29] Weighted Error Value: White=0.23 (precise) /Black=0.59} 1-0